 Dungeon Crawl Stone Soup version 0.28-a0-861-ge64d6db94f (webtiles) character file.

Game seed: 17314504736654900176

11254 mcbry74 the Cleaver (level 11, -10/106 (107) HPs)
             Began as a Hill Orc Fighter on Nov 15, 2021.
             Was a High Priest of Okawaru.
             Mangled by a chaos spawn (14 damage)
             ... summoned by Frances
             ... on level 12 of the Dungeon.
             The game lasted 00:46:42 (11072 turns).

mcbry74 the Cleaver (Hill Orc Fighter)             Turns: 11072, Time: 00:46:44

HP:   -10/106 (107) AC: 23    Str: 22    XL:     11   Next: 74%
MP:   11/11         EV: 14    Int:  9    God:    Okawaru [*****.]
Gold: 604           SH:  0    Dex: 10    Spells: 10/10 levels left

rFire   . . .      SeeInvis .   Y - +4 battleaxe (freeze)
rCold   . . .      Faith    .   (shield currently unavailable)
rNeg    + . .      Spirit   .   e - +0 pearl dragon scales
rPois   .          Reflect  .   i - +0 helmet
rElec   .          Harm     .   r - +1 cloak
rCorr   +          Rampage  .   (no gloves)
Will    .....                   (no boots)
Stlth   ..........              C - amulet of regeneration
HPRegen 1.27/turn               k - +4 ring of protection
MPRegen 0.12/turn               J - ring of resist corrosion

@: agile, lightly drained
A: no striking features
a: Renounce Religion, Heroism, Finesse, Duel


You were on level 12 of the Dungeon.
You worshipped Okawaru.
Okawaru was extremely pleased with you.
You visited 2 branches of the dungeon, and saw 14 of its levels.
You also visited: Ossuary.

You collected 604 gold pieces.

Inventory:

Hand Weapons
 R - a +1 battleaxe of flaming
 X - a +5 battleaxe
 Y - a +4 battleaxe of freezing (weapon)
Missiles
 l - 69 poisoned darts (quivered)
 v - 11 boomerangs
 x - 5 atropa-tipped darts
 y - 2 throwing nets
 L - 3 curare-tipped darts
Armour
 c - a +0 buckler
 e - +0 pearl dragon scales (worn)
 i - a +0 helmet (worn)
 r - a +1 cloak (worn)
 M - a +2 robe of the Archmagi
 P - a +2 chain mail of fire resistance
 Q - a +0 chain mail of positive energy
Magical Staves
 g - a staff of air
Jewellery
 k - a +4 ring of protection (left hand)
 m - an amulet of guardian spirit
 s - a ring of positive energy
 A - an amulet of faith
 C - an amulet of regeneration (around neck)
 J - a ring of resist corrosion (right hand)
 K - a ring of magical power
 U - an amulet of reflection
 W - a ring of positive energy
Wands
 n - a wand of paralysis (20)
 o - a wand of flame (27)
 w - a wand of iceblast (13)
 B - a wand of polymorph (13)
 G - a wand of digging (15)
Scrolls
 f - a scroll of silence
 h - a scroll of fog
 j - 2 scrolls of teleportation
 p - 4 scrolls of noise
 q - 6 scrolls of identify
 H - 3 scrolls of amnesia {unknown}
 I - a scroll of enchant weapon
 N - a scroll of enchant armour {unknown}
 T - a scroll of vulnerability {unknown}
Potions
 a - a potion of mutation
 b - 3 potions of curing
 u - a potion of brilliance {unknown}
 z - a potion of cancellation {unknown}
 E - a potion of flight {unknown}
 F - 2 potions of lignification {unknown}
 S - a potion of berserk rage {unknown}
 V - a potion of haste


   Skills:
 + Level 13.2 Fighting
 + Level 13.9 Axes
 + Level 11.9 Armour
 - Level 3.2 Shields


You had 10 spell levels left.
You didn't know any spells.
Your spell library contained the following spells:

 Spells                   Type           Power      Damage    Failure   Level
 Pain                     Necr           0%         1d4       69%         1
 Slow                     Hex            0%         N/A       69%         1
 Blink                    Tloc           0%         N/A       83%         2
 Corpse Rot               Necr/Air       0%         N/A       83%         2
 Confusing Touch          Hex            0%         N/A       96%         3
 Lesser Beckoning         Tloc           0%         N/A       96%         3
 Portal Projectile        Hex/Tloc       0%         N/A       96%         3
 Vampiric Draining        Necr           0%         2d6       96%         3
 Airstrike                Air            0%         N/A       100%        4
 Dispel Undead            Necr           0%         3d6       100%        4
 Agony                    Necr           0%         N/A       100%        5
 Blade Hands              Tmut           0%         N/A       100%        5
 Excruciating Wounds      Necr           0%         N/A       100%        5
 Irradiate                Conj/Tmut      0%         3d13      100%        5
 Lightning Bolt           Conj/Air       0%         1d11      100%        5
 Manifold Assault         Tloc           0%         N/A       100%        5
 Dragon Form              Tmut           0%         N/A       100%        7
 Storm Form               Tmut/Air       0%         N/A       100%        7
 Summon Lightning Spire   Summ/Air       Unusable   N/A       N/A         4
 Death Channel            Necr           Unusable   N/A       N/A         6

Dungeon Overview and Level Annotations

Branches:
Dungeon (13/15)            Temple (1/1) D:6            Lair (0/6) D:9
 Vaults (0/5) D:13        Ossuary (visited)
    Orc: D:9-12

Altars:
Ashenzari
Cheibriados
Dithmenos
Elyvilon
Fedhas
Okawaru
Qazlal
Ru
Sif Muna
Uskayaw
Vehumet
Wu Jian

Shops:
D:4 [

Annotations:
D:5 2 transporters, mcbry74's ghost, weakling TrGl
D:12 Frances
D:13 exclusion: vault guard


Message History

The yak gores you but does no damage.
Frances mutters in a terrible tongue.
The chaos spawn gores you!
You feel agile all of a sudden. The yak gores you but does no damage.
You barely miss Frances.
Frances is heavily wounded.
You slash the yak! You freeze the yak.
You kill the yak!
Okawaru accepts your kill.
You barely miss the chaos spawn.
Frances chants phrases taken from a devil's mouth.
The chaos spawn hits you.
You are engulfed in flames!
You barely miss Frances.
Frances is heavily wounded.
You slice the yak!! You freeze the yak.
You hit the chaos spawn but do no damage.
The yak gores you but does no damage. Frances hits you but does no damage.
The chaos spawn gores you!
The chaos spawn draws strength from your injuries!
The orange demon misses you.
You barely miss Frances.
Frances is heavily wounded.
You closely miss the chaos spawn. You barely miss the yak.
The yak barely misses you. Frances barely misses you. The chaos spawn hits you!
The chaos spawn shocks you. The orange demon stings you from afar.
* * * LOW HITPOINT WARNING * * *
You slash Frances! You freeze Frances.
Frances is heavily wounded.
You slice the yak!! You freeze the yak.
You kill the yak!
Okawaru accepts your kill.
You miss the chaos spawn.
Frances whispers indecipherable words.
The shard of ice hits you!!
* * * LOW HITPOINT WARNING * * *
The chaos spawn gores you.
* * * LOW HITPOINT WARNING * * *
The chaos spawn freezes you!
You die...

#+# ##4#
###@@#
#34)##
#Y### #'#
... ....Y
#......
#.......
+........


You could see Frances, an orange demon (summoned), a yak, a smoke demon
(summoned) and a chaos spawn (summoned).

Vanquished Creatures
  2 two-headed ogres
  Erica (D:8)
  Pikel (D:7)
  2 cyclopes
  A gargoyle (D:12)
  An unseen horror (D:10)
  2 trolls (D:9)
  A hornet (D:9)
  Sigmund (D:6)
  2 wraiths (Ossuary)
  A shadow (D:11)
  4 yaks
  A water moccasin (D:8)
  Duvessa (D:4)
  3 ice beasts
  2 black bears
  4 necrophages (D:8)
  3 wolves (D:9)
  3 orc warriors
  An ogre (D:4)
  5 centaurs
  2 kobold brigands (D:8)
  Blork the orc (D:5)
  6 bullfrogs
  A gnoll sergeant (D:9)
  A wyvern zombie (D:8)
  5 scorpions
  Dowan (D:4)
  5 killer bees (D:10)
  23 wights
  2 electric eels (D:9)
  5 howler monkeys
  6 hounds
  3 jellies
  3 centaur zombies
  2 gnoll shamans
  3 centaur skeletons
  4 iguanas
  4 orc wizards
  16 gnolls
  8 adders
  A shadow imp (D:7)
  A white imp (D:7)
  3 ufetubi (D:4)
  An adder zombie (Ossuary)
  An adder skeleton (D:4)
  2 worms
  15 orcs
  2 bats
  6 endoplasms
  2 giant cockroaches
  6 goblins
  5 hobgoblins
  4 jackals (D:4)
  5 quokkas
  10 ball pythons
  4 frilled lizards
  A hobgoblin skeleton (Ossuary)
  A hobgoblin zombie (Ossuary)
  16 kobolds
  2 orc skeletons (Ossuary)
  4 orc zombies (Ossuary)
  5 rats
240 creatures vanquished.

Vanquished Creatures (others)
  31 plants
  5 withered plants (D:8)
36 creatures vanquished.

Grand Total: 276 creatures vanquished

Notes
Turn   | Place    | Note
-------+----------+-------------------------------------------
     0 | D:1      | mcbry74 the Hill Orc Fighter began the quest for the Orb.
     0 | D:1      | Reached XP level 1. HP: 19/19 MP: 1/1
   359 | D:1      | Reached XP level 2. HP: 26/27 MP: 2/2
  1045 | D:2      | Reached XP level 3. HP: 12/34 MP: 3/3
  1419 | D:2      | Found a faded altar of an unknown god.
  1864 | D:3      | Reached XP level 4. HP: 41/41 MP: 4/4
  2413 | D:4      | Noticed an ogre
  2425 | D:4      | Killed an ogre
  2426 | D:4      | Reached skill level 5 in Fighting
  2426 | D:4      | Reached skill level 5 in Axes
  2426 | D:4      | Reached XP level 5. HP: 45/48 MP: 5/5
  2686 | D:4      | Found a broken altar of Ashenzari.
  2687 | D:4      | Noticed Dowan
  2687 | D:4      | Noticed Duvessa
  2716 | D:4      | Found Lisor's Armour Shop.
  2757 | D:4      | Reached XP level 6. HP: 36/57 MP: 6/6
  2942 | D:4      | Killed Dowan
  3137 | D:4      | Reached skill level 5 in Armour
  3267 | D:4      | Reached XP level 7. HP: 51/63 MP: 7/7
  3749 | D:4      | HP: 3/64 [Duvessa (1)]
  3754 | D:4      | Killed Duvessa
  4269 | D:5      | Entered Level 5 of the Dungeon
  4580 | D:5      | Found a hide-covered altar of Uskayaw.
  4607 | D:5      | Reached XP level 8. HP: 69/73 MP: 8/8
  4818 | D:5      | Noticed a yak
  4836 | D:5      | Killed a yak
  5036 | D:5      | Noticed Blork the orc
  5049 | D:5      | Killed Blork the orc
  5503 | D:5      | Found a snail-covered altar of Cheibriados.
  5588 | D:5      | Found a transporter.
  5588 | D:5      | Noticed mcbry74's ghost (weakling TrGl)
  5612 | D:5      | Found a transporter.
  5893 | D:6      | Noticed Sigmund
  6040 | D:6      | Killed Sigmund
  6143 | D:6      | Found a staircase to the Ecumenical Temple.
  6150 | Temple   | Entered the Ecumenical Temple
  6172 | Temple   | Became a worshipper of Warmaster Okawaru
  6274 | D:6      | Reached XP level 9. HP: 63/82 MP: 9/9
  7065 | D:7      | Found a sand-covered staircase.
  7072 | Ossuary  | Entered an ossuary
  7227 | Ossuary  | Reached * piety under Okawaru
  7303 | Ossuary  | Reached skill level 10 in Axes
  7444 | D:8      | Noticed a cyclops
  7458 | D:7      | Reached skill level 10 in Fighting
  7525 | D:8      | Reached ** piety under Okawaru
  7538 | D:8      | Reached XP level 10. HP: 72/94 MP: 10/10
  7615 | D:8      | Killed a cyclops
  7665 | D:7      | Noticed Pikel
  7666 | D:7      | Found a large runed translucent door.
  7667 | D:7      | Found a large runed translucent door.
  7688 | D:7      | Killed Pikel
  7688 | D:7      | Reached *** piety under Okawaru
  7816 | D:7      | Found a shimmering blue altar of Sif Muna.
  7826 | D:7      | Found an ornate altar of the Wu Jian Council.
  8117 | D:8      | Reached skill level 10 in Armour
  8273 | D:8      | Identified the +5 mace "Ogreslayer" {flame, Fragile rPois
                  | MP+9 Dex+5}
  8526 | D:8      | Reached **** piety under Okawaru
  8807 | D:9      | Found a staircase to the Lair.
  8898 | D:9      | Reached XP level 11. HP: 96/104 MP: 11/11
  9046 | D:9      | Noticed Erica
  9090 | D:8      | Killed Erica
  9178 | D:9      | Noticed a two-headed ogre
  9191 | D:9      | Killed a two-headed ogre
  9461 | D:10     | Entered Level 10 of the Dungeon
  9679 | D:10     | Found a stormy altar of Qazlal.
  9845 | D:10     | Identified the +10 scythe "Osuaq" {spect, rElec rPois
                  | Str-3}
 10108 | D:10     | Reached ***** piety under Okawaru
 10342 | D:10     | Noticed a cyclops
 10352 | D:10     | Killed a cyclops
 10772 | D:11     | Noticed a two-headed ogre
 10782 | D:11     | Killed a two-headed ogre
 10850 | D:11     | Received a gift from Okawaru
 10856 | D:11     | You fall into a shaft and drop 2 floors!
 11010 | D:12     | Noticed Frances
 11036 | D:13     | Found a gate to the Vaults.
 11036 | D:13     | Noticed a vault guard
 11036 | D:13     | Noticed a vault guard
 11036 | D:13     | Noticed a vault guard
 11036 | D:13     | Noticed a vault guard
 11036 | D:13     | Noticed a vault guard
 11072 | D:12     | HP: 4/106 [chaos spawn[Frances] (4)]
 11072 | D:12     | Mangled by a chaos spawn

Illustrated notes

Levels and vault maps discovered:
D:1:      roderic_crop_circles_arrival_large, layout_loops_ring,
          kennysheep_pointless_box
D:2:      layout_rooms, shapermc_ecumenical_altar_mp_highgroup
D:3:      layout_basic
D:4:      kennysheep_six_static_rooms, layout_cave_pods, amcnicky_altar_gilded,
          serial_shops, nicolae_shop_hallway_stairs, uniq_duvessa
D:5:      cheibrodos_two_vegetables, layout_rooms,
          nicolae_uskayaw_murder_on_the_dancefloor, cheibrodos_worm_habitat,
          gammafunk_ghost_smash, uniq_blork_the_orc
D:6:      layout_rooms, minmay_temple_entry_grid, uniq_sigmund
D:7:      layout_basic, jmf_multi_god_temple2, chequers_ossuary_entry_cave,
          enter_bailey_8, uniq_pikel
D:8:      layout_rooms, serial_undead, serial_undead_d, serial_undead_d,
          serial_undead_a, serial_undead_f, serial_undead_b, serial_undead_e
D:9:      layout_roguey, erik_lair_island, uniq_erica
D:10:     layout_stronghold, grunt_qazlal_sundering
D:11:     layout_cave_pools, erik_orc_1, lemuel_zombie_altar_kikubaaqudgha
D:12:     layout_roguey, uniq_nergalle, uniq_frances
D:13:     layout_basic, erik_vaults_2
Temple:   kb_temple_of_zot

Skill      XL: |  1  2  3  4  5  6  7  8  9 10 11 |
---------------+----------------------------------+-----
Axes           | 3 4 5 6 7 9 10 12 13 | 13.9
Fighting       | 4 5 6 7 8 10 11 13 | 13.2
Armour         | 4 5 6 7 9 10 11 | 11.9
Shields        | |  3.2

Action                   |  1- 3 |  4- 6 |  7- 9 | 10-12 || total
-------------------------+-------+-------+-------+-------++-------
Melee: War axe           |    86 |   117 |   386 |   354 ||   943
       Battleaxe         |       |       |       |    34 ||    34
Throw: Dart              |       |     2 |     3 |     2 ||     7
       Throwing net      |       |       |       |     1 ||     1
  Use: Potion            |     3 |       |       |     2 ||     5
       Scroll            |       |       |     8 |     3 ||    11
Armor: Scale mail        |    23 |       |       |       ||    23
       Pearl dragon scal |    17 |    73 |   261 |   263 ||   614
Dodge: Dodged            |    42 |    74 |   150 |   170 ||   436
Block: Buckler           |    26 |    27 |    70 |    54 ||   177

Table legend: (Time is in decaauts)
 A = Elapsed time spent in this place.
 B = Non-inter-level travel time spent in this place.
 C = Inter-level travel time spent in this place.
 D = Time resting spent in this place.
 E = Time spent auto-exploring this place.
 F = Levels seen in this place.
 G = Mean time per level.
                   A        B        C        D        E       F      G
               +--------+--------+--------+--------+--------+-----+--------+
         Total |  11207 |  10769 |    438 |   2105 |   5782 |  15 |  747.1 |
       Dungeon |  10566 |  10147 |    419 |   1799 |   5621 |  13 |  812.8 |
        Temple |    351 |    332 |     19 |    306 |      0 |   1 |  351.0 |
       Ossuary |    289 |    289 |      0 |      0 |    161 |   1 |  289.0 |
               +--------+--------+--------+--------+--------+-----+--------+

Top non-repeatable levels by time:
     D:4: 1885 daAuts
     D:5: 1703 daAuts
    D:10: 1273 daAuts
     D:8: 1030 daAuts
     D:1: 940 daAuts
     D:2: 847 daAuts
     D:6: 769 daAuts
     D:3: 658 daAuts
     D:9: 615 daAuts
     D:7: 513 daAuts
  Temple: 351 daAuts
 Ossuary: 289 daAuts
    D:13: 191 daAuts
    D:11: 111 daAuts
    D:12: 25 daAuts
